 Dungeon Crawl Stone Soup version 0.23-a0-303-gfcac5de (webtiles) character file.

32 Amnesiac the Skirmisher (level 3, 0/22 HPs)
             Began as a Deep Elf Fighter on Oct 8, 2018.
             Succumbed to an adder's poison
             ... on level 2 of the Dungeon.
             The game lasted 00:01:44 (647 turns).

Amnesiac the Skirmisher (Deep Elf Fighter)           Turns: 647, Time: 00:01:45

Health: 0/22       AC:  6    Str: 13 (14) XL:     3   Next: 8%
Magic:  5/5        EV:  7    Int:  9 (12) God:
Gold:   0          SH:  8    Dex: 11 (14) Spells: 2/2 levels left

rFire    . . .     SeeInvis .   a - +0 long sword
rCold    . . .     Gourm    .   c - +0 shield
rNeg     . . .     Faith    .   b - +0 scale mail
rPois    .         Spirit   .   (helmet restricted)
rElec    .         Reflect  .   (no cloak)
rCorr    .         Harm     .   (no gloves)
MR       .....                  (no boots)
Stlth    ..........             (no amulet)
HPRegen  0.07/turn              (no ring)
MPRegen  0.09/turn              (no ring)

@: lethally poisoned (0 -> -3)
A: horns 1, MP-powered wands
a: no special abilities


You were on level 2 of the Dungeon.
You were not hungry.

You visited 1 branch of the dungeon, and saw 2 of its levels.

Inventory:

Hand Weapons
 a - a +0 long sword (weapon)
Missiles
 l - 34 arrows
Armour
 b - a +0 scale mail (worn)
 c - a +0 shield (worn)
Scrolls
 i - a scroll of teleportation {!r}
 k - a scroll of magic mapping {!r, unknown}
Potions
 d - a potion of might {!q}
Comestibles
 f - a ration
 g - 5 chunks of flesh


   Skills:
 * Level 2.6 Fighting
 - Level 2.0 Long Blades
 * Level 2.5 Armour
 + Level 2.5 Dodging
 - Level 2.4 Shields


You had 2 spell levels left.
You didn't know any spells.
Your spell library was empty.

Dungeon Overview and Level Annotations

Branches:
Dungeon (2/15)

Altars:
Sif Muna


Innate Abilities, Weirdness & Mutations

You have a pair of small horns on your head.
You expend magic power (3 MP) to strengthen your wands.


Message History

You closely miss the adder. You block the adder's attack.
The adder barely misses you.
You miss the adder. You block the adder's attack.
You completely miss the adder. The adder bites you.
You are poisoned.
The adder poisons you! You block the adder's attack.
You miss the adder.
You feel sick. You block the adder's attack. x2
You hit the adder but do no damage. The adder barely misses you.
The adder bites you.
You hit the adder.
The adder is heavily wounded.
You feel sick. You block the adder's attack. x2
You miss the adder.
The adder is heavily wounded.
The adder bites you.
* * * LOW HITPOINT WARNING * * *
You are more poisoned.
The adder poisons you!
You barely miss the adder.
The adder is heavily wounded.
You feel sick. The adder bites you.
* * * LOW HITPOINT WARNING * * *
The adder bites you but does no damage.
You hit the adder.
The adder is almost dead.
The adder bites you.
* * * LOW HITPOINT WARNING * * *
You block the adder's attack.
You are too injured to fight recklessly!
You are too injured to fight recklessly!
You are too injured to fight recklessly!
You are too injured to fight recklessly!
You are too injured to fight recklessly!
You are too injured to fight recklessly!
You are too injured to fight recklessly!
You are too injured to fight recklessly!
You are too injured to fight recklessly!
You are too injured to fight recklessly!
You are too injured to fight recklessly!
Really quaff
h - a murky black potion {!q}?
It was a potion of degeneration {!q}.
There was something very wrong with that liquid.
You feel weakened.
You feel dopey.
You feel clumsy. The adder bites you but does no damage.
You hit the adder.
You kill the adder!
You have reached level 3!
Your experience leads to an increase in your attributes!
Your base attributes are Str 13, Int 12, Dex 14.
Increase (S)trength, (I)ntelligence, or (D)exterity?
You feel stronger.
* * * LOW HITPOINT WARNING * * *
You feel sick.
Really quaff
e - a potion of mutation {!q}?
You feel extremely strange.
You feel your magical essence link to your wands.
A pair of horns grows on your head!
An ooze comes into view.
* * * LOW HITPOINT WARNING * * *
You feel sick.
The ooze quivers.
The ooze moves out of view.
There is a stone staircase leading down here.
You die...

..÷..........# ...#
#........##..# ..##
#..<.........# #..###
.............#####......
#.......................
#........##.#...#.......
#..........†....J.......
#........##...##..>.....
###.(...........@##.
#..#.#....######
..#.#..#.# #..#.#
#...#.# #.. ..


You could see an ooze.

Vanquished Creatures
  2 adders (D:2)
  A dart slug (D:1)
  A leopard gecko (D:2)
  A bat (D:1)
  A giant cockroach (D:1)
  A goblin (D:1)
  A ball python (D:1)
  A frilled lizard (D:2)
  2 kobolds
  3 rats
14 creatures vanquished.

Notes
Turn   | Place    | Note
-------+----------+-------------------------------------------
     0 | D:1      | Amnesiac the Deep Elf Fighter began the quest for the Orb.
     0 | D:1      | Reached XP level 1. HP: 13/13 MP: 3/3
    51 | D:1      | Reached skill level 1 in Dodging
   360 | D:2      | Reached XP level 2. HP: 13/18 MP: 4/4
   437 | D:2      | Found a deep blue altar of Sif Muna.
   640 | D:2      | Reached XP level 3. HP: 3/22 MP: 5/5
   641 | D:2      | Gained mutation: You expend magic power (3 MP) to
                  | strengthen your wands. [potion of mutation]
   641 | D:2      | Gained mutation: You have a pair of small horns on your
                  | head. [potion of mutation]
   643 | D:2      | HP: 1/22 [poisoned by an adder]
   647 | D:2      | Succumbed to an adder's poison

Vault maps used:
D:1:      lemuel_arrival_river_ford, minmay_cupped
D:2:      grunt_temple_overflow_growth_and_decay, lemuel_crystal_altar

Skill      XL: |  1 |
---------------+----+-----
Dodging        | 2 |  2.5
Long Blades    | 2 |  2.0
Fighting       | |  2.6
Armour         | |  2.5
Shields        | |  2.4

Action                   || total
-------------------------++-------
Melee: Long sword        ||    57
  Use: Scroll            ||     3
       Potion            ||     2
Armor: Scale mail        ||    29
Dodge: Dodged            ||    14
Block: Shield            ||    32
       Rpst.: Long sword ||     4

Table legend:
 A = Non-vault XP
 B = Vault XP
 C = Vault XP percentage of total XP
 D = Non-vault monster count
 E = Vault monster count
 F = Vault count percentage of total count
                 A         B        C        D         E       F
            +---------+---------+-------+---------+---------+-------
      Total |      46 |       0 |   0.0 |      14 |       0 |   0.0
            +---------+---------+-------+---------+---------+-------
        D:1 |      14 |       0 |   0.0 |       8 |       0 |   0.0
        D:2 |      32 |       0 |   0.0 |       6 |       0 |   0.0
            +---------+---------+-------+---------+---------+-------
